Blue Jackets vs Rangers
Created - 5 février 2017 at 23:32
Goals
|
| Blue Jackets |
2 |
1 |
2 |
5 |
| Rangers |
2 |
0 |
1 |
3 |
|
Shots
|
| Blue Jackets |
7 |
13 |
7 |
27 |
| Rangers |
20 |
11 |
7 |
38 |
|
1st period
1. Blue Jackets , Pavel Datsyuk 19 (Martin Havlat) at 9:59
2. Blue Jackets , Jan Bulis 8 (Marcus Nilson) at 10:05
3. Rangers , Artem Anisimov 7 (Mark Fistric, Staffan Kronwall) at 19:05
4. Rangers , Patrice Bergeron 26 (Jakob Silfverberg, Milan Lucic) at 19:21
Penalties :
Martin Havlat (Clb) for Hooking (Minor) at 3:24
2nd period
5. Blue Jackets , Andreas Nodl 10 (Marcus Nilson, Branislav Mezei) at 1:26 (PP)
Penalties :
Jakob Silfverberg (NYR) for Cross-checking (Minor) at 0:49, Jan Bulis (Clb) for Slashing (Minor) at 5:34, A.J Thelen (Clb) for Hooking (Minor) at 15:48
3rd period
6. Blue Jackets , François Beauchemin 4 (Dave Steckel, Mike York) at 1:01
7. Rangers , Stephen Weiss 11 (Matt Read, Drew Stafford) at 14:05
8. Blue Jackets , Jeff Taffe 5 (Mike Lundin) at 19:54 (Empty Net)
Penalties :
Milan Lucic (NYR) for Tripping (Minor) at 1:06, A.J Thelen (Clb) for Holding (Minor) at 3:32, Henrik Lundqvist (NYR) for Slashing (Minor) at 6:33 - Milan Lucic served the penalty, David Booth (Clb) for Cross-checking (Minor) at 14:08
Goalie Stats
Rick DiPietro (Clb), 35 saves from 38 shots - (0,921), W, 19-16-1, 60:00 minutes
Henrik Lundqvist (NYR), 22 saves from 26 shots - (0,846), L, 15-8-1, 59:14 minutes
Players Stats for Blue Jackets
Player Name G A P +/- PIM S H SB GA TA FO MP PP MP PK MP
------------------------------------------------------------------------------------
A.J Thelen 0 0 0 1 4 0 0 0 0 0 0/0 10:22 0:00 0:58
Andreas Nodl 1 0 1 1 0 2 0 2 1 1 0/0 14:15 1:55 0:00
Andrew Gordon 0 0 0 0 0 1 0 0 2 0 0/0 6:28 0:00 0:00
Branislav Mezei 0 1 1 2 0 1 0 1 0 0 0/0 28:03 3:16 5:46
Brooks Orpik 0 0 0 -2 0 0 4 0 0 1 0/0 21:37 1:19 3:11
Cory Emmerton 0 0 0 0 0 2 0 0 0 0 1/3 5:41 0:00 0:00
Dave Steckel 0 1 1 1 0 3 1 0 1 0 6/10 14:12 0:00 0:28
David Booth 0 0 0 -1 2 0 1 0 0 0 2/3 20:54 2:40 4:31
François Beauchemin 1 0 1 -2 0 2 1 1 0 0 0/0 21:37 1:19 3:11
Jan Bulis 1 0 1 1 2 3 3 1 0 0 4/11 15:00 1:55 0:52
Jason Ward 0 0 0 0 0 0 3 0 0 0 0/0 12:04 0:00 0:00
Jeff Taffe 1 0 1 1 0 1 0 0 0 1 2/3 11:14 0:00 3:42
Marcus Nilson 0 2 2 1 0 1 1 1 1 0 0/0 17:14 1:55 2:56
Martin Havlat 0 1 1 0 2 3 2 1 0 0 0/2 18:05 2:40 1:08
Mike Commodore 0 0 0 1 0 1 0 1 0 1 0/0 10:20 0:00 0:58
Mike Lundin 0 1 1 2 0 0 0 0 0 1 0/0 28:03 3:16 5:46
Mike York 0 1 1 0 0 4 2 0 0 0 0/0 13:25 0:00 0:44
Pavel Datsyuk 1 0 1 -1 0 3 2 0 1 0 14/32 21:26 2:40 5:29
Players Stats for Rangers
Player Name G A P +/- PIM S H SB GA TA FO MP PP MP PK MP
------------------------------------------------------------------------------------
Artem Anisimov 1 0 1 0 0 1 3 0 0 0 2/7 10:44 0:00 0:57
Bryan Young 0 0 0 0 0 0 0 0 0 0 0/0 5:26 1:47 0:00
Cam Barker 0 0 0 -1 0 4 0 1 1 0 0/0 29:18 5:11 2:33
Chris Bourque 0 0 0 0 0 2 0 0 0 0 0/0 8:13 1:31 0:34
Drew Stafford 0 1 1 -1 0 3 1 0 0 0 1/2 19:30 3:15 0:00
Gustav Nyquist 0 0 0 0 0 1 0 0 0 0 0/0 7:31 1:27 0:00
Jakob Silfverberg 0 1 1 -1 2 2 3 0 1 0 1/2 19:44 5:13 0:00
Mark Fistric 0 1 1 0 0 1 1 1 1 0 0/0 22:24 5:45 2:02
Matt Greene 0 0 0 0 0 2 1 1 0 1 0/0 18:25 3:56 2:33
Matt Read 0 1 1 0 0 2 1 0 0 0 0/0 19:38 2:42 0:57
Mike Cammalleri 0 0 0 0 0 2 0 0 0 1 1/2 9:27 0:00 0:00
Milan Lucic 0 1 1 -1 2 8 0 1 0 1 0/1 19:38 5:42 0:00
Nick Foligno 0 0 0 0 0 1 1 0 0 0 0/0 11:55 0:00 2:46
Patrice Bergeron 1 0 1 -1 0 4 4 0 0 0 19/32 20:39 5:35 1:03
Ryan Suter 0 0 0 0 0 0 1 4 0 1 0/0 24:21 3:11 2:02
Staffan Kronwall 0 1 1 0 0 0 0 2 0 2 0/0 19:27 0:00 0:00
Stephen Weiss 1 0 1 0 0 5 0 0 1 0 4/8 18:35 2:42 0:00
Valtteri Filppula 0 0 0 0 0 0 1 0 1 0 7/10 10:28 1:38 2:53
3 Stars
1 - Marcus Nilson (Clb)
2 - Artem Anisimov (NYR)
3 - Andreas Nodl (Clb)
Power Play
Blue Jackets - 1 on 3 Attempt(s) - 33,33%
Rangers - 0 on 5 Attempt(s) - 0,00%
Penalty Kill
Blue Jackets - 5 on 5 Attempt(s) - 100,00%
- Score 0 goal in Penalty Kill
Rangers - 2 on 3 Attempt(s) - 66,67%
- Score 0 goal in Penalty Kill
Team Stat
Blue Jackets - Hits : 20 - Faceoff Wins : 29 - Blocked Shots : 8 - Penalty Minutes : 10
Rangers - Hits : 17 - Faceoff Wins : 35 - Blocked Shots : 10 - Penalty Minutes : 6
Official
Referees : Dwyer Gord and L'Ecuyer Frederick
Linesman : Greg Devorski and Steve Miller
Game Notes
8:00 of 2nd period - Rangers goal is going for a video replay. After video review, No Goal. The attacking player has interfered with a goalkeeper in his goal crease.
Jeff Taffe has scored in a empty net!
Finance
Level 1 -- Attendance: 4476 (74,60%) -- Ticket Income 402 840 $
Level 2 -- Attendance: 4213 (84,26%) -- Ticket Income 231 715 $
Level 3 -- Attendance: 2000 (100,00%) -- Ticket Income 60 000 $
Level 4 -- Attendance: 3996 (99,90%) -- Ticket Income 79 920 $
Luxury Box -- Attendance: 688 (68,80%) -- Ticket Income 120 400 $
Game was played at the Madison Square Garden.
Total Attendance: 15373 (85,41%)
Total Ticket Income: 894 875 $
Other Income: 134 231 $
Total Income: 1 029 106 $
Blue Jackets
5 vs 5 Forward
Center Left Wing Right Wing Time % Phy DF OF
1 Pavel Datsyuk David Booth Martin Havlat 40 1 2 2
2 Jan Bulis Marcus Nilson Andreas Nodl 30 1 2 2
3 Dave Steckel Mike York Jason Ward 20 1 2 2
4 Cory Emmerton Jeff Taffe Andrew Gordon 10 1 2 2
5 vs 5 Defense
Defense Defense Time % Phy DF OF
1 Branislav Mezei Mike Lundin 40 1 2 2
2 François Beauchemin Brooks Orpik 30 1 2 2
3 Mike Commodore A.J Thelen 20 1 2 2
4 Branislav Mezei Mike Lundin 10 1 2 2
PowerPlay Forward
Center Left Wing Right Wing Time % Phy DF OF
1 Pavel Datsyuk David Booth Martin Havlat 60 1 2 2
2 Jan Bulis Marcus Nilson Andreas Nodl 40 1 2 2
PowerPlay Defense
Defense Defense Time % Phy DF OF
1 Branislav Mezei Mike Lundin 60 1 2 2
2 François Beauchemin Brooks Orpik 40 1 2 2
Penalty Kill 4 Players Forward
Center Wing Time % Phy DF OF
1 Pavel Datsyuk David Booth 60 1 2 2
2 Martin Havlat Marcus Nilson 40 1 2 2
Penalty Kill 4 Players Defense
Defense Defense Time % Phy DF OF
1 Branislav Mezei Mike Lundin 60 1 2 2
2 François Beauchemin Brooks Orpik 40 1 2 2
Penalty Kill - 3 Players Forward
Forward Time % Phy DF OF
1 Pavel Datsyuk 60 1 2 2
2 David Booth 40 1 2 2
Penalty Kill - 3 Players Defense
Defense Defense Time % Phy DF OF
1 Branislav Mezei Mike Lundin 60 1 2 2
2 François Beauchemin Brooks Orpik 40 1 2 2
4 vs 4 Forward
Center Wing Time % Phy DF OF
1 Pavel Datsyuk David Booth 60 1 2 2
2 Martin Havlat Marcus Nilson 40 1 2 2
4 vs 4 Defense
Defense Defense Time % Phy DF OF
1 Branislav Mezei Mike Lundin 60 1 2 2
2 François Beauchemin Brooks Orpik 40 1 2 2
Last Minutes Offensive
Center Left Wing Right Wing Defense Defense
Pavel Datsyuk David Booth Martin Havlat Branislav Mezei Mike Lundin
Last Minutes Defensive
Center Left Wing Right Wing Defense Defense
Pavel Datsyuk David Booth Martin Havlat Branislav Mezei Mike Lundin
Goaltenders
Starting : Rick DiPietro
Backup : Niklas Backstrom
Extra Forwards
Normal : Mike York, Dave Steckel, Jeff Taffe - PP : Mike York, Dave Steckel - PK : Jeff Taffe
Extra Defensemen
Normal : Mike Commodore, A.J Thelen, François Beauchemin - PP : Mike Commodore - PK : A.J Thelen, François Beauchemin
Penalty Shots
Pavel Datsyuk, David Booth, Martin Havlat, Marcus Nilson, Mike York
Rangers
5 vs 5 Forward
Center Left Wing Right Wing Time % Phy DF OF
1 Patrice Bergeron Milan Lucic Jakob Silfverberg 40 1 2 2
2 Stephen Weiss Matt Read Drew Stafford 30 1 2 2
3 Artem Anisimov Nick Foligno Mike Cammalleri 20 1 2 2
4 Valtteri Filppula Chris Bourque Gustav Nyquist 10 1 2 2
5 vs 5 Defense
Defense Defense Time % Phy DF OF
1 Cam Barker Ryan Suter 40 1 2 2
2 Mark Fistric Staffan Kronwall 30 1 2 2
3 Matt Greene Staffan Kronwall 20 1 2 2
4 Cam Barker Mark Fistric 10 1 2 2
PowerPlay Forward
Center Left Wing Right Wing Time % Phy DF OF
1 Patrice Bergeron Milan Lucic Drew Stafford 60 1 2 2
2 Stephen Weiss Matt Read Jakob Silfverberg 40 1 2 2
PowerPlay Defense
Defense Defense Time % Phy DF OF
1 Cam Barker Mark Fistric 60 1 2 2
2 Matt Greene Ryan Suter 40 1 2 2
Penalty Kill 4 Players Forward
Center Wing Time % Phy DF OF
1 Valtteri Filppula Nick Foligno 60 1 2 2
2 Artem Anisimov Matt Read 40 1 2 2
Penalty Kill 4 Players Defense
Defense Defense Time % Phy DF OF
1 Cam Barker Matt Greene 60 1 2 2
2 Mark Fistric Ryan Suter 40 1 2 2
Penalty Kill - 3 Players Forward
Forward Time % Phy DF OF
1 Matt Read 60 1 2 2
2 Nick Foligno 40 1 2 2
Penalty Kill - 3 Players Defense
Defense Defense Time % Phy DF OF
1 Cam Barker Matt Greene 60 1 2 2
2 Mark Fistric Ryan Suter 40 1 2 2
4 vs 4 Forward
Center Wing Time % Phy DF OF
1 Patrice Bergeron Milan Lucic 60 1 2 2
2 Stephen Weiss Jakob Silfverberg 40 1 2 2
4 vs 4 Defense
Defense Defense Time % Phy DF OF
1 Cam Barker Ryan Suter 60 1 2 2
2 Mark Fistric Matt Greene 40 1 2 2
Last Minutes Offensive
Center Left Wing Right Wing Defense Defense
Patrice Bergeron Milan Lucic Jakob Silfverberg Cam Barker Drew Stafford
Last Minutes Defensive
Center Left Wing Right Wing Defense Defense
Patrice Bergeron Nick Foligno Matt Read Cam Barker Mark Fistric
Goaltenders
Starting : Henrik Lundqvist
Backup : Hannu Toivonen
Extra Forwards
Normal : Artem Anisimov, Valtteri Filppula, Milan Lucic - PP : Jakob Silfverberg, Patrice Bergeron - PK : Patrice Bergeron
Extra Defensemen
Normal : Matt Greene, Ryan Suter, Cam Barker - PP : Ryan Suter - PK : Cam Barker, Matt Greene
Penalty Shots
Patrice Bergeron, Jakob Silfverberg, Milan Lucic, Stephen Weiss, Valtteri Filppula
% Time on Ice - Blue Jackets
Lines # - Real PCT - Wanted PCT - Time Play
Normal Forward
1 - 30% - 40% - 13:12
2 - 30% - 30% - 13:29
3 - 27% - 20% - 12:04
4 - 13% - 10% - 5:41
Normal Defense
1 - 37% - 40% - 16:24
2 - 39% - 30% - 17:07
3 - 21% - 20% - 9:22
4 - 3% - 10% - 1:33
PP Forward
1 - 58% - 60% - 2:40
2 - 42% - 40% - 1:55
PP Defense
1 - 71% - 60% - 3:16
2 - 29% - 40% - 1:19
PK Forward
1 - 82% - 60% - 8:05
2 - 18% - 40% - 1:50
PK Defense
1 - 62% - 60% - 6:07
2 - 38% - 40% - 3:48
PK3 Forward
1 - 0% - 60%
2 - 0% - 40%
PK3 Defense
1 - 0% - 60%
2 - 0% - 40%
44 Forward
1 - 0% - 60%
2 - 0% - 40%
44 Defense
1 - 0% - 60%
2 - 0% - 40%
Last Minute Offensive - 0:00
Last Minute Defensive - 1:04
Total
Forward - 60:00
Defense - 60:00
|
% Time on Ice - Rangers
Lines # - Real PCT - Wanted PCT - Time Play
Normal Forward
1 - 29% - 40% - 12:43
2 - 39% - 30% - 17:33
3 - 20% - 20% - 9:06
4 - 12% - 10% - 5:15
Normal Defense
1 - 42% - 40% - 18:47
2 - 27% - 30% - 12:12
3 - 25% - 20% - 11:17
4 - 5% - 10% - 2:21
PP Forward
1 - 73% - 60% - 7:13
2 - 27% - 40% - 2:42
PP Defense
1 - 60% - 60% - 5:59
2 - 40% - 40% - 3:56
PK Forward
1 - 79% - 60% - 3:38
2 - 21% - 40% - 0:57
PK Defense
1 - 56% - 60% - 2:33
2 - 44% - 40% - 2:02
PK3 Forward
1 - 0% - 60%
2 - 0% - 40%
PK3 Defense
1 - 0% - 60%
2 - 0% - 40%
44 Forward
1 - 0% - 60%
2 - 0% - 40%
44 Defense
1 - 0% - 60%
2 - 0% - 40%
Last Minute Offensive - 0:53
Last Minute Defensive - 0:00
Total
Forward - 60:00
Defense - 60:00
|
Play by Play
1st period
0:01 of 1st period - Patrice Bergeron wins face-off versus Pavel Datsyuk in neutral zone.
0:10 of 1st period - Wrist shot by Milan Lucic.
0:10 of 1st period - Stopped by Rick DiPietro with a rebound.
0:12 of 1st period - Snap shot by Patrice Bergeron.
0:12 of 1st period - Stopped by Rick DiPietro with a rebound.
0:14 of 1st period - Slapshot by Milan Lucic.
0:14 of 1st period - Shot Blocked by Martin Havlat.
0:16 of 1st period - Snap shot by Milan Lucic.
0:16 of 1st period - Stopped by Rick DiPietro without a rebound.
0:17 of 1st period - Stephen Weiss wins face-off versus Jan Bulis in Blue Jackets zone.
0:18 of 1st period - Slapshot by Drew Stafford.
0:18 of 1st period - Stopped by Rick DiPietro with a rebound.
0:44 of 1st period - Mike Cammalleri is hit by Dave Steckel and loses puck.
0:54 of 1st period - Off-side.
0:55 of 1st period - Valtteri Filppula wins face-off versus Cory Emmerton in neutral zone.
1:47 of 1st period - Snap shot by Dave Steckel.
1:47 of 1st period - Stopped by Henrik Lundqvist with a rebound.
2:03 of 1st period - Wrist shot by Marcus Nilson.
2:03 of 1st period - Deflect By Jan Bulis.
2:03 of 1st period - Stopped by Henrik Lundqvist without a rebound.
2:04 of 1st period - Patrice Bergeron wins face-off versus Jan Bulis in Rangers zone.
3:00 of 1st period - Slapshot by Cory Emmerton.
3:00 of 1st period - Shot Misses the Net.
3:02 of 1st period - Wrist shot by Branislav Mezei.
3:02 of 1st period - Deflect By Andrew Gordon.
3:02 of 1st period - Shot Blocked by Staffan Kronwall.
3:02 of 1st period - Puck is out of play.
3:03 of 1st period - Patrice Bergeron wins face-off versus Pavel Datsyuk in Rangers zone.
3:16 of 1st period - Snap shot by Patrice Bergeron.
3:16 of 1st period - Stopped by Rick DiPietro with a rebound.
3:18 of 1st period - Slapshot by Matt Greene.
3:18 of 1st period - Shot Misses the Net.
3:24 of 1st period - Minor Penalty to Martin Havlat for Hooking.
3:25 of 1st period - Pavel Datsyuk wins face-off versus Patrice Bergeron in Blue Jackets zone.
3:34 of 1st period - Snap shot by Milan Lucic.
3:34 of 1st period - Shot Misses the Net.
3:36 of 1st period - Slapshot by Mark Fistric.
3:36 of 1st period - Stopped by Rick DiPietro with a rebound.
4:02 of 1st period - Slapshot by Cam Barker.
4:02 of 1st period - Stopped by Rick DiPietro with a rebound.
4:04 of 1st period - Slapshot by Cam Barker.
4:04 of 1st period - Stopped by Rick DiPietro without a rebound.
4:05 of 1st period - Patrice Bergeron wins face-off versus Pavel Datsyuk in Blue Jackets zone.
4:06 of 1st period - Wrist shot by Milan Lucic.
4:06 of 1st period - Stopped by Rick DiPietro without a rebound.
4:07 of 1st period - Patrice Bergeron wins face-off versus Pavel Datsyuk in Blue Jackets zone.
4:10 of 1st period - Snap shot by Patrice Bergeron.
4:10 of 1st period - Stopped by Rick DiPietro without a rebound.
4:11 of 1st period - Pavel Datsyuk wins face-off versus Patrice Bergeron in Blue Jackets zone.
4:20 of 1st period - Wrist shot by David Booth.
4:20 of 1st period - Shot Blocked by Ryan Suter.
5:24 of 1st period - Penalty to Martin Havlat is over, Martin Havlat is back on ice.
5:30 of 1st period - Backhand shot by Marcus Nilson.
5:30 of 1st period - Shot Blocked by Mark Fistric.
5:38 of 1st period - Snap shot by Mike Cammalleri.
5:38 of 1st period - Deflect By Artem Anisimov.
5:38 of 1st period - Shot Misses the Net.
5:38 of 1st period - Puck is out of play.
5:39 of 1st period - Dave Steckel wins face-off versus Artem Anisimov in Blue Jackets zone.
6:25 of 1st period - Icing by Branislav Mezei.
6:26 of 1st period - Stephen Weiss wins face-off versus Cory Emmerton in Blue Jackets zone.
6:39 of 1st period - Wrist shot by Matt Read.
6:39 of 1st period - Stopped by Rick DiPietro with a rebound.
7:19 of 1st period - Snap shot by Andreas Nodl.
7:19 of 1st period - Stopped by Henrik Lundqvist with a rebound.
7:21 of 1st period - Slapshot by Mike Lundin.
7:21 of 1st period - Shot Misses the Net.
7:41 of 1st period - Wrist shot by Dave Steckel.
7:41 of 1st period - Stopped by Henrik Lundqvist with a rebound.
8:14 of 1st period - Jeff Taffe is hit by Patrice Bergeron and loses puck.
8:43 of 1st period - Cam Barker is hit by Jan Bulis and loses puck.
8:58 of 1st period - Slapshot by Cam Barker.
8:58 of 1st period - Deflect By Stephen Weiss.
8:58 of 1st period - Shot Misses the Net.
8:58 of 1st period - Puck is out of play.
8:59 of 1st period - David Booth wins face-off versus Stephen Weiss in Blue Jackets zone.
9:15 of 1st period - Pavel Datsyuk is hit by Matt Greene and loses puck.
9:59 of 1st period - Snap shot by Pavel Datsyuk.
9:59 of 1st period - Goal by Pavel Datsyuk - Blue Jackets : 1 - Rangers : 0.
10:00 of 1st period - Jan Bulis wins face-off versus Patrice Bergeron in neutral zone.
10:03 of 1st period - Wrist shot by Marcus Nilson.
10:03 of 1st period - Shot Blocked by Milan Lucic.
10:05 of 1st period - Snap shot by Jan Bulis.
10:05 of 1st period - Goal by Jan Bulis - Blue Jackets : 2 - Rangers : 0.
10:06 of 1st period - Pavel Datsyuk wins face-off versus Patrice Bergeron in neutral zone.
10:22 of 1st period - Staffan Kronwall is hit by Pavel Datsyuk and loses puck.
10:30 of 1st period - Icing by Jakob Silfverberg.
10:31 of 1st period - Patrice Bergeron wins face-off versus Jan Bulis in Rangers zone.
12:47 of 1st period - Wrist shot by Patrice Bergeron.
12:47 of 1st period - Deflect By Milan Lucic.
12:47 of 1st period - Shot Blocked by Mike Commodore.
12:47 of 1st period - Puck is out of play.
12:48 of 1st period - Jeff Taffe wins face-off versus Jakob Silfverberg in Blue Jackets zone.
13:13 of 1st period - Staffan Kronwall is hit by David Booth and loses puck.
13:32 of 1st period - Wrist shot by Gustav Nyquist.
13:32 of 1st period - Stopped by Rick DiPietro without a rebound.
13:33 of 1st period - Jan Bulis wins face-off versus Valtteri Filppula in Blue Jackets zone.
13:58 of 1st period - Jason Ward is hit by Jakob Silfverberg and loses puck.
14:36 of 1st period - Snap shot by Drew Stafford.
14:36 of 1st period - Stopped by Rick DiPietro without a rebound.
14:37 of 1st period - Mike Cammalleri wins face-off versus Jan Bulis in Blue Jackets zone.
14:38 of 1st period - Slapshot by Artem Anisimov.
14:38 of 1st period - Shot Misses the Net.
14:48 of 1st period - Snap shot by Mike Cammalleri.
14:48 of 1st period - Stopped by Rick DiPietro with a rebound.
16:01 of 1st period - Snap shot by Jan Bulis.
16:01 of 1st period - Stopped by Henrik Lundqvist without a rebound.
16:02 of 1st period - Jan Bulis wins face-off versus Mike Cammalleri in Rangers zone.
16:46 of 1st period - Off-side.
16:47 of 1st period - Dave Steckel wins face-off versus Stephen Weiss in neutral zone.
16:55 of 1st period - Icing by Stephen Weiss.
16:56 of 1st period - Drew Stafford wins face-off versus Pavel Datsyuk in Rangers zone.
17:05 of 1st period - Snap shot by Stephen Weiss.
17:05 of 1st period - Shot Misses the Net.
17:07 of 1st period - Slapshot by Staffan Kronwall.
17:07 of 1st period - Shot Blocked by Branislav Mezei.
17:09 of 1st period - Slapshot by Matt Greene.
17:09 of 1st period - Deflect By Martin Havlat.
17:09 of 1st period - Stopped by Rick DiPietro with a rebound.
17:11 of 1st period - Slapshot by Matt Greene.
17:11 of 1st period - Deflect By Matt Read.
17:11 of 1st period - Shot Misses the Net.
17:11 of 1st period - Puck is out of play.
17:12 of 1st period - Patrice Bergeron wins face-off versus Jan Bulis in Blue Jackets zone.
17:25 of 1st period - Slapshot by Milan Lucic.
17:25 of 1st period - Shot Misses the Net.
17:27 of 1st period - Snap shot by Jakob Silfverberg.
17:27 of 1st period - Shot Misses the Net.
17:37 of 1st period - Jan Bulis is hit by Artem Anisimov and loses puck.
17:46 of 1st period - Slapshot by Cam Barker.
17:46 of 1st period - Shot Blocked by Marcus Nilson.
17:48 of 1st period - Slapshot by Cam Barker.
17:48 of 1st period - Stopped by Rick DiPietro with a rebound.
18:02 of 1st period - Matt Read is hit by Martin Havlat and loses puck.
19:05 of 1st period - Slapshot by Artem Anisimov.
19:05 of 1st period - Goal by Artem Anisimov - Blue Jackets : 2 - Rangers : 1.
19:06 of 1st period - Patrice Bergeron wins face-off versus Pavel Datsyuk in neutral zone.
19:15 of 1st period - Snap shot by Patrice Bergeron.
19:15 of 1st period - Deflect By Milan Lucic.
19:15 of 1st period - Stopped by Rick DiPietro with a rebound.
19:19 of 1st period - Snap shot by Jakob Silfverberg.
19:19 of 1st period - Stopped by Rick DiPietro with a rebound.
19:21 of 1st period - Wrist shot by Patrice Bergeron.
19:21 of 1st period - Goal by Patrice Bergeron - Blue Jackets : 2 - Rangers : 2.
19:22 of 1st period - Patrice Bergeron wins face-off versus Pavel Datsyuk in neutral zone.
19:54 of 1st period - Snap shot by Stephen Weiss.
19:54 of 1st period - Shot Misses the Net.
Goals for this period are 2 for Blue Jackets vs 2 for Rangers.
Shots for this period are 7 for Blue Jackets vs 20 for Rangers.
2nd period
0:01 of 2nd period - Patrice Bergeron wins face-off versus Pavel Datsyuk in neutral zone.
0:17 of 2nd period - Off-side.
0:18 of 2nd period - Jan Bulis wins face-off versus Stephen Weiss in neutral zone.
0:49 of 2nd period - Minor Penalty to Jakob Silfverberg for Cross-checking.
0:50 of 2nd period - Valtteri Filppula wins face-off versus Martin Havlat in Rangers zone.
1:26 of 2nd period - Slapshot by Andreas Nodl.
1:26 of 2nd period - Goal by Andreas Nodl - Blue Jackets : 3 - Rangers : 2.
1:27 of 2nd period - Patrice Bergeron wins face-off versus Pavel Datsyuk in neutral zone.
1:30 of 2nd period - Pavel Datsyuk is hit by Jakob Silfverberg.
1:44 of 2nd period - Slapshot by Martin Havlat.
1:44 of 2nd period - Shot Blocked by Ryan Suter.
2:36 of 2nd period - Mark Fistric is hit by Brooks Orpik and loses puck.
2:45 of 2nd period - Wrist shot by Cory Emmerton.
2:45 of 2nd period - Stopped by Henrik Lundqvist with a rebound.
2:47 of 2nd period - Snap shot by Cory Emmerton.
2:47 of 2nd period - Shot Misses the Net.
2:57 of 2nd period - Mike Commodore is hit by Patrice Bergeron and loses puck.
3:22 of 2nd period - Matt Read is hit by Jason Ward and loses puck.
3:51 of 2nd period - Snap shot by Stephen Weiss.
3:51 of 2nd period - Shot Blocked by Jan Bulis.
3:53 of 2nd period - Slapshot by Stephen Weiss.
3:53 of 2nd period - Stopped by Rick DiPietro with a rebound.
3:55 of 2nd period - Snap shot by Matt Read.
3:55 of 2nd period - Stopped by Rick DiPietro with a rebound.
3:57 of 2nd period - Wrist shot by Drew Stafford.
3:57 of 2nd period - Shot Misses the Net.
3:59 of 2nd period - Slapshot by Matt Greene.
3:59 of 2nd period - Shot Misses the Net.
5:07 of 2nd period - Slapshot by Drew Stafford.
5:07 of 2nd period - Shot Blocked by Andreas Nodl.
5:09 of 2nd period - Snap shot by Stephen Weiss.
5:09 of 2nd period - Stopped by Rick DiPietro with a rebound.
5:11 of 2nd period - Slapshot by Drew Stafford.
5:11 of 2nd period - Shot Blocked by Andreas Nodl.
5:17 of 2nd period - Wrist shot by Stephen Weiss.
5:17 of 2nd period - Stopped by Rick DiPietro with a rebound.
5:34 of 2nd period - Minor Penalty to Jan Bulis for Slashing.
5:35 of 2nd period - Pavel Datsyuk wins face-off versus Patrice Bergeron in Blue Jackets zone.
5:49 of 2nd period - Slapshot by Jakob Silfverberg.
5:49 of 2nd period - Shot Misses the Net.
6:05 of 2nd period - Mike Lundin is hit by Mark Fistric.
6:23 of 2nd period - Snap shot by Mike York.
6:23 of 2nd period - Stopped by Henrik Lundqvist without a rebound.
6:24 of 2nd period - Jeff Taffe wins face-off versus Patrice Bergeron in Rangers zone.
6:27 of 2nd period - Wrist shot by Mike York.
6:27 of 2nd period - Stopped by Henrik Lundqvist with a rebound.
6:51 of 2nd period - Pavel Datsyuk is hit by Jakob Silfverberg and loses puck.
7:14 of 2nd period - Snap shot by Branislav Mezei.
7:14 of 2nd period - Stopped by Henrik Lundqvist without a rebound.
7:15 of 2nd period - Valtteri Filppula wins face-off versus Jeff Taffe in Rangers zone.
7:34 of 2nd period - Penalty to Jan Bulis is over, Jan Bulis is back on ice.
7:56 of 2nd period - Icing by Dave Steckel.
7:57 of 2nd period - Artem Anisimov wins face-off versus Dave Steckel in Blue Jackets zone.
7:58 of 2nd period - Snap shot by Nick Foligno.
7:58 of 2nd period - Stopped by Rick DiPietro with a rebound.
8:00 of 2nd period - Slapshot by Artem Anisimov.
8:00 of 2nd period - Deflect By Mike Cammalleri.
8:00 of 2nd period - Rangers goal is going for a video replay.
8:00 of 2nd period - The goal is refused. The attacking player has interfered with a goalkeeper in his goal crease..
8:01 of 2nd period - Artem Anisimov wins face-off versus Dave Steckel in Blue Jackets zone.
8:44 of 2nd period - Stephen Weiss is hit by Mike York.
8:58 of 2nd period - Wrist shot by Pavel Datsyuk.
8:58 of 2nd period - Stopped by Henrik Lundqvist without a rebound.
8:59 of 2nd period - Patrice Bergeron wins face-off versus Martin Havlat in Rangers zone.
10:47 of 2nd period - Slapshot by Staffan Kronwall.
10:47 of 2nd period - Deflect By Stephen Weiss.
10:47 of 2nd period - Stopped by Rick DiPietro without a rebound.
10:48 of 2nd period - Pavel Datsyuk wins face-off versus Milan Lucic in Blue Jackets zone.
11:19 of 2nd period - Slapshot by Marcus Nilson.
11:19 of 2nd period - Stopped by Henrik Lundqvist with a rebound.
11:45 of 2nd period - Slapshot by Matt Greene.
11:45 of 2nd period - Stopped by Rick DiPietro with a rebound.
12:17 of 2nd period - Slapshot by Cam Barker.
12:17 of 2nd period - Stopped by Rick DiPietro without a rebound.
12:18 of 2nd period - Pavel Datsyuk wins face-off versus Patrice Bergeron in Blue Jackets zone.
13:27 of 2nd period - Snap shot by Branislav Mezei.
13:27 of 2nd period - Deflect By Andrew Gordon.
13:27 of 2nd period - Stopped by Henrik Lundqvist without a rebound.
13:28 of 2nd period - Cory Emmerton wins face-off versus Patrice Bergeron in Rangers zone.
13:29 of 2nd period - Slapshot by Jeff Taffe.
13:29 of 2nd period - Shot Misses the Net.
14:15 of 2nd period - Andreas Nodl is hit by Drew Stafford and loses puck.
15:29 of 2nd period - Wrist shot by Chris Bourque.
15:29 of 2nd period - Stopped by Rick DiPietro without a rebound.
15:30 of 2nd period - David Booth wins face-off versus Patrice Bergeron in Blue Jackets zone.
15:37 of 2nd period - Snap shot by Martin Havlat.
15:37 of 2nd period - Stopped by Henrik Lundqvist with a rebound.
15:39 of 2nd period - Snap shot by Mike Commodore.
15:39 of 2nd period - Stopped by Henrik Lundqvist without a rebound.
15:40 of 2nd period - Patrice Bergeron wins face-off versus Pavel Datsyuk in Rangers zone.
15:48 of 2nd period - Minor Penalty to A.J Thelen for Hooking.
15:49 of 2nd period - Pavel Datsyuk wins face-off versus Drew Stafford in Blue Jackets zone.
17:48 of 2nd period - Penalty to A.J Thelen is over, A.J Thelen is back on ice.
17:49 of 2nd period - Icing by Cam Barker.
17:50 of 2nd period - Dave Steckel wins face-off versus Stephen Weiss in Rangers zone.
17:55 of 2nd period - Wrist shot by Mike York.
17:55 of 2nd period - Stopped by Henrik Lundqvist with a rebound.
18:15 of 2nd period - Artem Anisimov is hit by Marcus Nilson and loses puck.
18:28 of 2nd period - Wrist shot by Jeff Taffe.
18:28 of 2nd period - Shot Misses the Net.
18:30 of 2nd period - Slapshot by François Beauchemin.
18:30 of 2nd period - Deflect By Staffan Kronwall.
18:30 of 2nd period - Stopped by Henrik Lundqvist with a rebound.
18:32 of 2nd period - Slapshot by Brooks Orpik.
18:32 of 2nd period - Deflect By Cory Emmerton.
18:32 of 2nd period - Stopped by Henrik Lundqvist with a rebound.
18:34 of 2nd period - Snap shot by Jeff Taffe.
18:34 of 2nd period - Deflect By Staffan Kronwall.
18:34 of 2nd period - Shot Blocked by Matt Greene.
18:34 of 2nd period - Puck is out of play.
18:35 of 2nd period - Pavel Datsyuk wins face-off versus Valtteri Filppula in Rangers zone.
18:46 of 2nd period - Wrist shot by Valtteri Filppula.
18:46 of 2nd period - Shot Misses the Net.
18:50 of 2nd period - Backhand shot by Chris Bourque.
18:50 of 2nd period - Shot Misses the Net.
19:24 of 2nd period - Wrist shot by Jakob Silfverberg.
19:24 of 2nd period - Stopped by Rick DiPietro without a rebound.
19:25 of 2nd period - Dave Steckel wins face-off versus Patrice Bergeron in Blue Jackets zone.
Goals for this period are 1 for Blue Jackets vs 0 for Rangers.
Shots for this period are 13 for Blue Jackets vs 11 for Rangers.
3rd period
0:01 of 3rd period - Jakob Silfverberg wins face-off versus Pavel Datsyuk in neutral zone.
0:26 of 3rd period - Cam Barker is hit by Jan Bulis and loses puck.
0:47 of 3rd period - Wrist shot by Mike York.
0:47 of 3rd period - Stopped by Henrik Lundqvist without a rebound.
0:48 of 3rd period - Dave Steckel wins face-off versus Artem Anisimov in Rangers zone.
0:59 of 3rd period - Snap shot by Dave Steckel.
0:59 of 3rd period - Shot Blocked by Cam Barker.
1:01 of 3rd period - Slapshot by François Beauchemin.
1:01 of 3rd period - Goal by François Beauchemin - Blue Jackets : 4 - Rangers : 2.
1:02 of 3rd period - Pavel Datsyuk wins face-off versus Patrice Bergeron in neutral zone.
1:06 of 3rd period - Minor Penalty to Milan Lucic for Tripping.
1:07 of 3rd period - Pavel Datsyuk wins face-off versus Valtteri Filppula in Rangers zone.
1:08 of 3rd period - Wrist shot by Martin Havlat.
1:08 of 3rd period - Stopped by Henrik Lundqvist with a rebound.
1:10 of 3rd period - Wrist shot by Pavel Datsyuk.
1:10 of 3rd period - Stopped by Henrik Lundqvist without a rebound.
1:11 of 3rd period - Valtteri Filppula wins face-off versus Pavel Datsyuk in Rangers zone.
1:11 of 3rd period - Valtteri Filppula is hit by Martin Havlat.
1:20 of 3rd period - Slapshot by Branislav Mezei.
1:20 of 3rd period - Shot Hit the Post.
1:22 of 3rd period - Snap shot by Martin Havlat.
1:22 of 3rd period - Stopped by Henrik Lundqvist without a rebound.
1:23 of 3rd period - Valtteri Filppula wins face-off versus Pavel Datsyuk in Rangers zone.
1:54 of 3rd period - Matt Greene is hit by Jan Bulis and loses puck.
2:51 of 3rd period - Patrice Bergeron is hit by Pavel Datsyuk and loses puck.
3:06 of 3rd period - Penalty to Milan Lucic is over, Milan Lucic is back on ice.
3:32 of 3rd period - Minor Penalty to A.J Thelen for Holding.
3:33 of 3rd period - Pavel Datsyuk wins face-off versus Patrice Bergeron in Blue Jackets zone.
3:58 of 3rd period - Cam Barker is hit by Brooks Orpik and loses puck.
4:09 of 3rd period - Brooks Orpik is hit by Ryan Suter.
5:32 of 3rd period - Penalty to A.J Thelen is over, A.J Thelen is back on ice.
5:47 of 3rd period - Icing by Dave Steckel.
5:48 of 3rd period - Dave Steckel wins face-off versus Artem Anisimov in Blue Jackets zone.
5:48 of 3rd period - Dave Steckel is hit by Artem Anisimov.
5:54 of 3rd period - Staffan Kronwall is hit by François Beauchemin and loses puck.
6:03 of 3rd period - Dave Steckel is hit by Nick Foligno and loses puck.
6:10 of 3rd period - Mike York is hit by Artem Anisimov.
6:11 of 3rd period - Icing by Mike York.
6:12 of 3rd period - Patrice Bergeron wins face-off versus Dave Steckel in Blue Jackets zone.
6:33 of 3rd period - Snap shot by Dave Steckel.
6:33 of 3rd period - Stopped by Henrik Lundqvist without a rebound.
6:33 of 3rd period - Minor Penalty to Henrik Lundqvist for Slashing.
6:34 of 3rd period - Valtteri Filppula wins face-off versus Pavel Datsyuk in Rangers zone.
7:39 of 3rd period - François Beauchemin is hit by Matt Read and loses puck.
8:15 of 3rd period - Icing by Pavel Datsyuk.
8:16 of 3rd period - Pavel Datsyuk wins face-off versus Artem Anisimov in Blue Jackets zone.
8:33 of 3rd period - Penalty to Milan Lucic is over, Milan Lucic is back on ice.
8:41 of 3rd period - Mark Fistric is hit by Jason Ward and loses puck.
8:48 of 3rd period - Milan Lucic is hit by Brooks Orpik and loses puck.
9:26 of 3rd period - Snap shot by Andreas Nodl.
9:26 of 3rd period - Shot Blocked by Ryan Suter.
9:28 of 3rd period - Wrist shot by Andreas Nodl.
9:28 of 3rd period - Shot Blocked by Ryan Suter.
9:38 of 3rd period - David Booth is hit by Patrice Bergeron and loses puck.
10:03 of 3rd period - Backhand shot by Chris Bourque.
10:03 of 3rd period - Stopped by Rick DiPietro without a rebound.
10:04 of 3rd period - Patrice Bergeron wins face-off versus Pavel Datsyuk in Blue Jackets zone.
10:05 of 3rd period - Slapshot by Milan Lucic.
10:05 of 3rd period - Deflect By Martin Havlat.
10:05 of 3rd period - Stopped by Rick DiPietro without a rebound.
10:06 of 3rd period - Patrice Bergeron wins face-off versus Pavel Datsyuk in Blue Jackets zone.
10:41 of 3rd period - Icing by Stephen Weiss.
10:42 of 3rd period - Stephen Weiss wins face-off versus David Booth in Rangers zone.
10:54 of 3rd period - Off-side.
10:55 of 3rd period - Patrice Bergeron wins face-off versus Pavel Datsyuk in neutral zone.
11:08 of 3rd period - Wrist shot by Milan Lucic.
11:08 of 3rd period - Stopped by Rick DiPietro with a rebound.
11:10 of 3rd period - Wrist shot by Milan Lucic.
11:10 of 3rd period - Stopped by Rick DiPietro without a rebound.
11:11 of 3rd period - Stephen Weiss wins face-off versus Jan Bulis in Blue Jackets zone.
12:00 of 3rd period - Snap shot by Drew Stafford.
12:00 of 3rd period - Stopped by Rick DiPietro with a rebound.
13:08 of 3rd period - Stephen Weiss is hit by Jason Ward and loses puck.
13:33 of 3rd period - Snap shot by Ryan Suter.
13:33 of 3rd period - Shot Misses the Net.
13:35 of 3rd period - Snap shot by Matt Read.
13:35 of 3rd period - Shot Blocked by François Beauchemin.
14:05 of 3rd period - Wrist shot by Stephen Weiss.
14:05 of 3rd period - Goal by Stephen Weiss - Blue Jackets : 4 - Rangers : 3.
14:06 of 3rd period - Pavel Datsyuk wins face-off versus Patrice Bergeron in neutral zone.
14:08 of 3rd period - Minor Penalty to David Booth for Cross-checking.
14:09 of 3rd period - Patrice Bergeron wins face-off versus Pavel Datsyuk in Blue Jackets zone.
15:18 of 3rd period - Off-side.
15:19 of 3rd period - Valtteri Filppula wins face-off versus Jan Bulis in neutral zone.
15:22 of 3rd period - Jan Bulis is hit by Valtteri Filppula and loses puck.
16:08 of 3rd period - Penalty to David Booth is over, David Booth is back on ice.
17:35 of 3rd period - Andreas Nodl is hit by Patrice Bergeron and loses puck.
18:20 of 3rd period - Matt Greene is hit by Brooks Orpik and loses puck.
18:27 of 3rd period - Stephen Weiss is hit by Mike York and loses puck.
19:08 of 3rd period - Rangers, Henrik Lundqvist is pulled from the net.
19:08 of 3rd period - Slapshot by Milan Lucic.
19:08 of 3rd period - Stopped by Rick DiPietro without a rebound.
19:09 of 3rd period - Michel Therrien call a timeout for Rangers.
19:09 of 3rd period - Patrice Bergeron wins face-off versus Dave Steckel in Blue Jackets zone.
19:32 of 3rd period - Snap shot by Jakob Silfverberg.
19:32 of 3rd period - Shot Misses the Net.
19:34 of 3rd period - Snap shot by Jakob Silfverberg.
19:34 of 3rd period - Shot Misses the Net.
19:54 of 3rd period - Wrist shot by Jeff Taffe.
19:54 of 3rd period - Goal by Jeff Taffe - Blue Jackets : 5 - Rangers : 3.
19:54 of 3rd period - Henrik Lundqvist from Rangers was sent back in the game.
19:55 of 3rd period - Pavel Datsyuk wins face-off versus Artem Anisimov in neutral zone.
19:58 of 3rd period - Slapshot by Mike Commodore.
19:58 of 3rd period - Shot Blocked by Staffan Kronwall.
Goals for this period are 2 for Blue Jackets vs 1 for Rangers.
Shots for this period are 7 for Blue Jackets vs 7 for Rangers.
Back to the Top